Map: White Rabbit LE

Players

HoldTheDoor - Winner!

  • Race: Protoss Protoss
  • League: Diamond
  • Spawn Location: 1:00

IIIIIIIIIIII

  • Race: Zerg Zerg
  • League: Diamond
  • Spawn Location: 7:00

VOD

Have the link to the VOD?

Description

Time

  • Played on: May 9, 2026, 11:17 a.m.
  • Length: 5:45
Show
View Real Time Build Order
Export as new Build Order

HoldTheDoor Protoss - Winner!

Build Orders: 1 Gate Expand, Dark Templar Rush 

Get SALT Encoding   

  12  0:00  Probe  
  13  0:12  Probe  
  14  0:18  Pylon  
  14  0:23  Probe  
  15  0:32  Probe  
  15  0:40  Probe  
  15  0:41  Gateway  
  16  0:48  Assimilator  
  17  0:52  Probe  
  18  1:04  Probe  
  19  1:22  Nexus  
  19  1:30  Cybernetics Core  
  19  1:32  Probe  
  20  1:39  Assimilator  
  20  1:44  Probe  
  21  1:47  Pylon  
  21  1:55  Stalker  
  21  1:56  Probe  
  22  2:08  Probe, Warp Gate  
  25  2:20  Probe  
  26  2:23  Adept  
  28  2:32  Probe  
  28  2:36  Twilight Council, Probe  
  30  2:44  Probe  
  30  2:48  Probe  
  32  2:51  Gateway  
  32  2:56  Probe  
  33  3:01  Probe  
  33  3:05  Robotics Facility  
  34  3:08  Probe  
  35  3:13  Probe  
  36  3:21  Probe  
  37  3:28  Probe  
  37  3:31  Dark Shrine  
  37  3:34  Pylon  
  38  3:36  Probe  
  38  3:40  Probe  
  40  3:41  Warp Prism  
  40  3:47  Assimilator  
  40  3:48  Probe  
  40  3:52  Probe  
  44  4:10  Nexus  
  44  4:12  Pylon  
  44  4:19  Gateway  
  44  4:22  Gateway  
  44  4:25  Pylon  
  44  4:26  Probe x2  
  46  4:38  Probe  
  47  4:39  Probe  
  47  4:41  Forge  
  48  4:50  Probe  
  48  4:51  Probe  
  50  4:53  Dark Templar x2  
  54  5:02  Probe  
  54  5:03  Probe  
  56  5:16  Dark Templar x2  
Show
View Real Time Build Order
Export as new Build Order

IIIIIIIIIIII Zerg 

Build Orders: Hatch First 

Get SALT Encoding   

  12  0:00  Drone  
  13  0:08  Drone  
  13  0:14  Extractor, Drone  
  15  0:21  Overlord  
  15  0:42  Drone x2  
  17  0:49  Hatchery  
  16  0:52  Drone  
  16  0:55  Drone  
  18  1:09  Extractor  
  17  1:11  Spawning Pool  
  16  1:32  Drone x3  
  19  1:56  Drone x2  
  19  2:00  Queen x2  
  25  2:10  Zergling x2  
  25  2:11  Zergling x2  
  27  2:19  Overlord  
  27  2:25  Metabolic Boost  
  27  2:40  Hatchery  
  26  2:47  Overlord  
  26  2:49  Drone x2  
  28  3:02  Overlord  
  28  3:06  Drone x2  
  28  3:07  Drone x2  
  28  3:10  Drone x4  
  36  3:20  Queen, Extractor  
  36  3:21  Extractor  
  36  3:24  Overlord  
  38  3:28  Drone x2  
  40  3:44  Drone x2  
  40  3:46  Drone x2  
  40  3:47  Drone x3  
  47  3:48  Overlord  
  47  3:55  Drone x2  
  48  4:05  Drone x3  
  50  4:11  Drone x3, Queen  
  55  4:36  Roach Warren  
  55  4:38  Drone x3, Extractor  
  57  4:39  Drone x3, Extractor  
  57  4:40  Drone x3  
  57  4:44  Overlord  
  61  4:48  Spore Crawler  
  60  4:55  Spore Crawler  
  60  4:57  Zergling x12  
  63  5:11  Hatchery  
  60  5:19  Spore Crawler  
Tags
 
Add a new tag
Caveats
  • Supply blocks, unpowered buildings, or Contaminate may cause inaccurate times.
  • Supply counts are checked every 10 seconds.